 Dungeon Crawl Stone Soup version 0.31-a0-590-g8a5a4361df (webtiles) character file.

Game seed: 12049411540033161091

42 Ge0ff the Vexing (level 3, 0/24 HPs)
             Began as a Barachi Enchanter on Aug 19, 2023.
             Slain by a gnoll
             ... wielding a +0 whip
              (7 damage)
             ... on level 1 of the Dungeon.
             The game lasted 00:06:33 (1374 turns).

Ge0ff the Vexing (Barachi Enchanter)                Turns: 1374, Time: 00:06:34

Health: 0/24       AC:  2    Str:  9    XL:     3   Next: 56%
Magic:  6/6        EV: 12    Int: 17    God:
Gold:   87         SH:  0    Dex: 12    Spells: 4/6 levels left

rFire   . . .        a - +1 dagger
rCold   . . .        (no shield)
rNeg    . . .        O - +0 robe
rPois   .            (no helmet)
rElec   .            (no cloak)
rCorr   .            (no gloves)
SInv    .            (no boots)
Will    .....        (no amulet)
Stlth   ++           (no ring)
HPRegen 0.24/turn    (no ring)
MPRegen 0.10/turn

%: no passive effects
@: slow
A: amphibious, slowness 1, strong legs 1, +LOS
a: Hop


You were on level 1 of the Dungeon.
You visited 1 branch of the dungeon, and saw 2 of its levels.

You collected 87 gold pieces.

Inventory:

Hand Weapons
 a - a +1 dagger (weapon)
 b - a +0 spear
Missiles
 J - 6 javelins
 M - 15 stones (quivered)
Armour
 O - a +0 robe (worn)
Talismans
 N - a storm talisman
Scrolls
 K - 2 scrolls of vulnerability {unknown}
Potions
 I - 2 potions of invisibility
 L - 2 potions of attraction {unknown}


   Skills:
 + Level 2.8 Short Blades
 - Level 2.1 Dodging
 - Level 2.6 Stealth
 - Level 2.1 Spellcasting
 + Level 3.7 Hexes
 + Level 1.4 Ice Magic


You had 4 spell levels left.
You knew the following spells:

 Your Spells              Type           Power      Damage    Failure   Level
C - Ensorcelled Hibernat  Hex/Ice        20%        N/A       10%         2

Your spell library contained the following spells:

 Spells                   Type           Power      Damage    Failure   Level
 Confusing Touch          Hex            14%        N/A       12%         3
 Tukima's Dance           Hex            14%        N/A       12%         3
 Dazzling Flash           Conj/Hex       16%        N/A       26%         3
 Stone Arrow              Conj/Erth      2%         3d7       50%         3
 Animate Armour           Summ/Erth      2%         N/A       88%         4
 Lehudib's Crystal Spear  Conj/Erth      0%         10d2      100%        8


Dungeon Overview and Level Annotations

Branches:
Dungeon (2/15) Zot: 10488

Altars:


Innate Abilities, Weirdness & Mutations

You are amphibious.
You cover ground slowly.
You can hop short distances.
You have an extended range of vision and can be seen from far away.


Message History

You climb upwards.
There is a stone staircase leading down here.
Casting: Ensorcelled Hibernation (safe; 10% risk of failure)
Confirm with . or Enter, or press ? or * to list all spells.
Aiming: Ensorcelled Hibernation (safe; 10% risk of failure)
Press: ? - help, Shift-Dir - straight line, f - kobold
Aim: a kobold, wielding a +0 whip and quivering stones (chance to affect: 62%)
The kobold looks drowsy...
The frilled lizard bites you.
The helpless kobold fails to defend itself.
You puncture the kobold!
You kill the kobold!
The frilled lizard closely misses you.
Casting: Ensorcelled Hibernation (safe; 10% risk of failure)
Confirm with . or Enter, or press ? or * to list all spells.
Aiming: Ensorcelled Hibernation (safe; 10% risk of failure)
Press: ? - help, Shift-Dir - straight line, f - frilled lizard
Aim: a frilled lizard (chance to affect: 62%)
The frilled lizard resists with significant effort.
The frilled lizard misses you.
You completely miss the frilled lizard.
The frilled lizard unfolds its giant frill.
The frilled lizard bites you.
Casting: Ensorcelled Hibernation (safe; 10% risk of failure)
Confirm with . or Enter, or press ? or * to list all spells.
Aiming: Ensorcelled Hibernation (safe; 10% risk of failure)
Press: ? - help, Shift-Dir - straight line, f/p - frilled lizard
Aim: a frilled lizard (chance to affect: 62%)
The frilled lizard looks drowsy...
The helpless frilled lizard fails to defend itself.
You impale the frilled lizard!!
You kill the frilled lizard!
M - 15 stones (gained 4)
You see here a +0 whip.
HP restored.
Magic restored.
Done exploring.
There is a stone staircase leading down here.
You climb downwards.
The gnoll hits you with a +0 whip. The gnoll barely misses you.
There is a stone staircase leading up here.
The gnoll hits you with a +0 whip. x2
You climb upwards.
There is a stone staircase leading down here.
You can't go up here!
The gnoll attacks as you move away! The gnoll barely misses you.
The gnoll hits you with a +0 whip.
* * * LOW HITPOINT WARNING * * *
The gnoll closely misses you. The gnoll attacks as you move away!
The gnoll hits you with a +0 whip!
You die...

######## ########## ######.......
#######.......>######............
#..............)gg...............
#.#####.########@####.###..####..
......#.# #.# #.# #..## #..
..###.#.########.# #.###...###..
..###.........##.####.##.........
..........###.##...##.##.#..###..
...####.#.# #.####.##.##.#..###..
...# #.#.# #.##.................
...####.#.# #.##.#.##............
........#.# #.##.#.######........


You could see 2 gnolls.

Vanquished Creatures
  2 dart slugs (D:1)
  7 bats (D:1)
  An endoplasm (D:1)
  A giant cockroach (D:1)
  4 goblins (D:1)
  3 hobgoblins (D:1)
  4 jackals (D:1)
  2 quokkas (D:1)
  2 ball pythons (D:1)
  6 frilled lizards (D:1)
  3 kobolds (D:1)
  2 rats (D:1)
37 creatures vanquished.

Notes
Turn   | Place    | Note
-------+----------+-------------------------------------------
     0 | D:1      | Ge0ff the Barachi Enchanter began the quest for the Orb.
     0 | D:1      | Reached XP level 1. HP: 13/13 MP: 3/3
    89 | D:1      | Reached XP level 2. HP: 19/19 MP: 5/5
   102 | D:1      | Learned a level 2 spell: Ensorcelled Hibernation
   425 | D:1      | Reached skill level 1 in Ice Magic
   425 | D:1      | Reached XP level 3. HP: 16/24 MP: 3/6
  1374 | D:1      | Slain by a gnoll

Illustrated notes

Levels and vault maps discovered:
D:1:      dpeg_arrival_connections, layout_loops_ring, nicolae_titane
D:2:      layout_loops_cross

Skill      XL: |  1  2 |
---------------+-------+-----
Short Blades   | 2 |  2.8
Ice Magic      | 1 |  1.4
Dodging        | |  2.1
Stealth        | |  2.6
Spellcasting   | |  2.1
Hexes          | |  3.7

Action                     || total
---------------------------++-------
  Melee: Dagger            ||   125
   Cast: Ensorcelled Hiber ||    21
Ability: Hop               ||     1
   Stab: Sleeping          ||    15
 Armour: Robe              ||    18
  Dodge: Dodged            ||    74

Table legend: (Time is in decaauts)
 A = Elapsed time spent in this place.
 B = Non-inter-level travel time spent in this place.
 C = Inter-level travel time spent in this place.
 D = Time resting spent in this place.
 E = Time spent auto-exploring this place.
 F = Levels seen in this place.
 G = Mean time per level.
                   A        B        C        D        E       F      G
               +--------+--------+--------+--------+--------+-----+--------+
         Total |   1511 |   1452 |     59 |     74 |    966 |   2 |  755.5 |
       Dungeon |   1511 |   1452 |     59 |     74 |    966 |   2 |  755.5 |
               +--------+--------+--------+--------+--------+-----+--------+

Top non-repeatable levels by time:
     D:1: 1503 daAuts
     D:2: 7 daAuts
